[ AOE2 MATCH · #495980358 ]
UnrankedJurchens vs Hindustanis
Player's team · WIN
Rival team · LOSS
[ REPLAY ANALYSIS · EXTRACTED FROM THE RECORDED GAME ]
Feudal
12:11
Castle
16:38
Imperial
—
| APM avg | 55.5 |
| APM peak | 75 |
| eAPM avg | 26.3 |
| Villagers / military | 29 / 4 |
Focus
⚔️ 31.9% · 🌾 68.1%
Unknown (1911) ×15 · Militia ×3 · Cavalry Archer ×1
Feudal
9:35
Castle
—
Imperial
—
| APM avg | 41.3 |
| APM peak | 105 |
| eAPM avg | 17.1 |
| Villagers / military | 39 / 10 |
Focus
⚔️ 21.7% · 🌾 78.3%
Archer ×8 · Spearman ×2
Match map
Initial resources + every placement click. Lines = walls · curves = elevation contours. ◆ gold · ⬟ stone · ● berries · ✦ relic · ◌ wall gap
Your base· Open — 6t gap
うーぺー's base· Open — unwalled flank
Smoothed initial terrain · ◌ = detected wall gap · hover for details
Inputs per minute
— dehinker - - うーぺー
Build order — dehinker
79 actions detected in the replay
| 0:00 | Queue | Villager (Male) |
| 0:01 | Queue | Villager (Male) |
| 0:02 | Build | House |
| 0:03 | Build | House |
| 0:15 | Queue | Villager (Male) |
| 0:23 | Queue | Villager (Male) |
| 1:31 | Queue | Villager (Male) |
| 1:39 | Queue | Villager (Male) |
| 2:14 | Build | Lumber Camp |
| 2:23 | Queue | Villager (Male) |
| 2:25 | Queue | Villager (Male) |
| 2:54 | Queue | Villager (Male) |
| 3:19 | Queue | Villager (Male) |
| 3:43 | Queue | Villager (Male) |
| 3:52 | Build | House |
| 4:16 | Build | House |
| 4:21 | Queue | Villager (Male) |
| 4:21 | Queue | Villager (Male) |
| 4:21 | Queue | Villager (Male) |
| 4:46 | Queue | Villager (Male) |
| 5:07 | Queue | Villager (Male) |
| 5:20 | Build | Barracks |
| 5:39 | Queue | Villager (Male) |
| 6:27 | Queue | Militia |
| 6:27 | Queue | Militia |
| 6:29 | Queue | Villager (Male) |
| 6:52 | Queue | Militia |
| 7:02 | Queue | Villager (Male) |
| 7:03 | Queue | Villager (Male) |
| 7:06 | Build | Mill |
| 7:48 | Queue | Villager (Male) |
| 7:50 | Build | House |
| 7:54 | Research | Loom |
| 8:20 | Queue | Villager (Male) |
| 8:44 | Queue | Villager (Male) |
| 9:08 | Queue | Villager (Male) |
| 9:22 | Build | Mill |
| 9:30 | Queue | Villager (Male) |
| 10:00 | Research | Feudal Age |
| 10:29 | Build | Farm |
| 10:31 | Build | Farm |
| 11:18 | Build | Mining Camp |
| 11:37 | Build | Farm |
| 11:50 | Build | Farm |
| 11:58 | Build | House |
| 12:11 | Age | Feudal Age |
| 12:13 | Queue | Villager (Male) |
| 12:23 | Build | Market |
| 12:45 | Queue | Villager (Male) |
| 12:45 | Queue | Villager (Male) |
| 13:12 | Build | Blacksmith |
| 13:38 | Build | Watch Tower |
| 13:58 | Research | Castle Age |
| 14:42 | Build | Archery Range |
| 14:54 | Build | House |
| 14:55 | Build | House |
| 15:02 | Build | House |
| 15:30 | Build | Archery Range |
| 15:48 | Research | Double-Bit Axe |
| 15:48 | Research | Double-Bit Axe |
| 15:49 | Research | Double-Bit Axe |
| 15:50 | Queue | Villager (Male) |
| 15:53 | Research | Padded Archer Armor |
| 15:54 | Research | Padded Archer Armor |
| 16:38 | Age | Castle Age |
| 16:41 | Build | House |
| 16:42 | Queue | Unit 1911 ×4 |
| 16:42 | Queue | Unit 1911 ×4 |
| 16:53 | Build | Farm |
| 16:55 | Build | Farm |
| 16:58 | Build | Palisade Wall |
| 17:04 | Queue | Unit 1911 |
| 17:04 | Queue | Unit 1911 |
| 17:12 | Queue | Cavalry Archer |
| 17:27 | Build | Farm |
| 17:28 | Build | Farm |
| 17:45 | Queue | Unit 1911 |
| 18:12 | Queue | Unit 1911 ×2 |
| 18:13 | Queue | Unit 1911 ×2 |
Build order — うーぺー
105 actions detected in the replay
| 0:00 | Queue | Villager (Male) |
| 0:01 | Queue | Villager (Male) |
| 0:01 | Queue | Villager (Male) |
| 0:01 | Queue | Villager (Male) |
| 0:02 | Build | House |
| 0:04 | Build | House |
| 1:05 | Queue | Villager (Male) |
| 1:05 | Queue | Villager (Male) |
| 1:29 | Queue | Villager (Male) |
| 1:46 | Build | Lumber Camp |
| 2:10 | Queue | Villager (Male) |
| 2:23 | Queue | Villager (Male) |
| 2:23 | Queue | Villager (Male) |
| 2:53 | Queue | Villager (Male) |
| 2:53 | Queue | Villager (Male) |
| 3:13 | Queue | Villager (Male) |
| 3:44 | Queue | Villager (Male) |
| 3:56 | Build | House |
| 4:00 | Queue | Villager (Male) |
| 4:27 | Build | Mill |
| 4:56 | Queue | Villager (Male) |
| 4:58 | Queue | Villager (Male) |
| 5:27 | Queue | Villager (Male) |
| 5:34 | Build | Mining Camp |
| 6:03 | Research | Loom |
| 6:52 | Queue | Villager (Male) |
| 7:25 | Research | Feudal Age |
| 7:25 | Research | Feudal Age |
| 7:28 | Build | Barracks |
| 7:51 | Build | House |
| 7:52 | Build | House |
| 8:35 | Build | Mill |
| 8:48 | Build | Palisade Wall |
| 9:14 | Build | Palisade Wall |
| 9:20 | Build | Palisade Wall |
| 9:22 | Build | Palisade Wall |
| 9:35 | Age | Feudal Age |
| 9:41 | Queue | Villager (Male) |
| 9:43 | Build | Archery Range |
| 9:52 | Build | Palisade Wall |
| 9:54 | Build | Palisade Wall |
| 9:56 | Queue | Villager (Male) |
| 10:01 | Build | Palisade Wall |
| 10:08 | Queue | Villager (Male) |
| 10:11 | Build | Palisade Wall |
| 10:12 | Build | Palisade Wall |
| 10:13 | Build | Palisade Wall |
| 10:16 | Queue | Villager (Male) |
| 10:32 | Queue | Villager (Male) |
| 10:34 | Queue | Spearman |
| 10:43 | Research | Double-Bit Axe |
| 10:44 | Research | Double-Bit Axe |
| 11:05 | Queue | Villager (Male) |
| 11:11 | Build | Farm |
| 11:12 | Queue | Archer |
| 11:16 | Build | Farm |
| 11:23 | Build | Farm |
| 11:29 | Queue | Archer |
| 11:36 | Queue | Archer |
| 11:39 | Build | Farm |
| 11:44 | Queue | Spearman |
| 12:01 | Queue | Villager (Male) |
| 12:01 | Queue | Villager (Male) |
| 12:18 | Queue | Villager (Male) |
| 12:18 | Queue | Villager (Male) |
| 12:21 | Build | Blacksmith |
| 12:32 | Queue | Villager (Male) |
| 12:36 | Build | Farm |
| 12:39 | Build | House |
| 13:01 | Queue | Archer |
| 13:04 | Queue | Villager (Male) |
| 13:04 | Queue | Villager (Male) |
| 13:04 | Queue | Villager (Male) |
| 13:06 | Build | House |
| 13:12 | Research | Fletching |
| 13:12 | Research | Fletching |
| 13:24 | Queue | Villager (Male) |
| 13:31 | Queue | Villager (Male) |
| 13:32 | Queue | Villager (Male) |
| 13:33 | Build | Farm |
| 13:36 | Build | Farm |
| 14:30 | Queue | Villager (Male) |
| 14:32 | Build | Farm |
| 14:33 | Build | Farm |
| 14:36 | Queue | Archer |
| 14:54 | Queue | Villager (Male) |
| 14:55 | Build | Farm |
| 14:57 | Build | Farm |
| 15:10 | Queue | Archer |
| 15:30 | Queue | Villager (Male) |
| 15:41 | Build | House |
| 15:46 | Build | Stable |
| 15:50 | Build | Palisade Wall |
| 16:48 | Research | Castle Age |
| 16:49 | Research | Castle Age |
| 16:51 | Queue | Archer |
| 16:54 | Build | House |
| 16:56 | Build | House |
| 16:59 | Build | Palisade Wall |
| 17:15 | Build | Farm |
| 17:16 | Queue | Archer |
| 17:24 | Research | Gold Mining |
| 17:25 | Research | Gold Mining |
| 17:37 | Build | Farm |
| 18:01 | Build | Watch Tower |
Match timeline
| 5:20 | dehinker · first_building Barracks |
| 7:28 | うーぺー · first_building Barracks |
| 8:48 | うーぺー · wall_segment Palisade Wall x1 |
| 9:14 | うーぺー · wall_segment Palisade Wall x1 |
| 9:20 | うーぺー · wall_segment Palisade Wall x1 |
| 9:22 | うーぺー · wall_segment Palisade Wall x1 |
| 9:35 | うーぺー · age_up feudal |
| 9:43 | うーぺー · first_building Archery Range |
| 9:52 | うーぺー · wall_segment Palisade Wall x1 |
| 9:54 | うーぺー · wall_segment Palisade Wall x1 |
| 10:01 | うーぺー · wall_segment Palisade Wall x1 |
| 10:11 | うーぺー · wall_segment Palisade Wall x1 |
| 10:12 | うーぺー · wall_segment Palisade Wall x1 |
| 10:13 | うーぺー · wall_segment Palisade Wall x1 |
| 12:11 | dehinker · age_up feudal |
| 13:09 | dehinker · first_market_buy 100 wood |
| 13:10 | dehinker · first_market_sell 100 food |
| 14:42 | dehinker · first_building Archery Range |
| 15:46 | うーぺー · first_building Stable |
| 15:50 | うーぺー · wall_segment Palisade Wall x1 |
| 16:38 | dehinker · age_up castle |
| 16:58 | dehinker · wall_segment Palisade Wall x1 |
| 16:59 | うーぺー · wall_segment Palisade Wall x3 |
| 18:23 | うーぺー · resign |
[ AI ANALYSIS · 1 CREDIT ]
What really happened in this match?
Wolo.gg analyzes every decision: build order, eco, micro, common mistakes by bracket. Personalized analysis on WhatsApp or Discord in 30 seconds.
Civ guide
Jurchens
Perfil
dehinker